 Dungeon Crawl Stone Soup version 0.24-a0-170-gd8427f5 (webtiles) character file.

Game seed: 1438235517760031045

37 galech the Skirmisher (level 3, -1/29 HPs)
             Began as a Demonspawn Fighter on Mar 11, 2019.
             Slain by Sigmund
             ... wielding a +0 scythe
              (2 damage)
             ... on level 2 of the Dungeon.
             The game lasted 00:01:46 (907 turns).

galech the Skirmisher (Demonspawn Fighter)           Turns: 907, Time: 00:01:47

Health: -1/29      AC: 10    Str: 21    XL:     3   Next: 23%
Magic:  3/3        EV:  5    Int:  9    God:
Gold:   163        SH:  9    Dex: 13    Spells: 2/2 levels left

rFire    . . .     SeeInvis .   a - +0 war axe
rCold    . . .     Gourm    .   c - +0 shield
rNeg     . . .     Faith    .   k - +0 chain mail
rPois    .         Spirit   .   (no helmet)
rElec    .         Reflect  .   (no cloak)
rCorr    .         Harm     .   (no gloves)
MR       .....                  h - +0 pair of boots
Stlth    ..........             (no amulet)
HPRegen  0.09/turn              (no ring)
MPRegen  0.08/turn              (no ring)

@: mighty
A: hooves 1
a: no special abilities


You were on level 2 of the Dungeon.
You were not hungry.

You visited 1 branch of the dungeon, and saw 2 of its levels.

You collected 163 gold pieces.

Inventory:

Hand Weapons
 a - a +0 war axe (weapon)
Armour
 b - a +0 scale mail
 c - a +0 shield (worn)
 h - a +0 pair of boots (worn)
 k - a +0 chain mail (worn)
Scrolls
 i - a scroll of enchant weapon {unknown}
 j - 2 scrolls of identify {unknown}
Potions
 d - a potion of might
 e - a potion of curing {unknown}
 l - a potion of cancellation {unknown}
Comestibles
 f - 3 rations
 g - 4 chunks of flesh


   Skills:
 + Level 3.3 Fighting
 + Level 2.2 Axes
 + Level 2.8 Armour
 + Level 3.2 Shields


You had 2 spell levels left.
You didn't know any spells.
Your spell library was empty.

Dungeon Overview and Level Annotations

Branches:
Dungeon (2/15)

Altars:

Annotations:
D:2 Sigmund


Innate Abilities, Weirdness & Mutations

You have large cloven feet.


Message History

You hear some strange, mumbled words.
You are confused.
You barely miss something.
You hear some strange, mumbled words.
Something tries to affect you, but you resist.
Something hits you but does no damage.
You see here an adder corpse.
You're too confused to move!
Something hits you.
* * * LOW HITPOINT WARNING * * *
You completely miss something. Something hits you but does no damage.
You closely miss something.
You feel less confused. Something hits you.
* * * LOW HITPOINT WARNING * * *
Your shield and chain mail prevent you from hitting something.
Something hits you.
* * * LOW HITPOINT WARNING * * *
Some of the chunks of flesh in your inventory have rotted away.
You closely miss something. Something hits you.
You die...

#.#.# #
#.#.####### .##.
#.......... .(..
###.####### #..#
#.#
.##...####.##
..........$.###
##......)..>.#
#.....@{....#
#....)..†....#
...<..........#
##............#
##..............
#...........#..
#.#.............
#.############.#


There were no monsters in sight!

Vanquished Creatures
  An adder (D:2)
  A dart slug (D:1)
  2 leopard geckos (D:1)
  2 bats (D:1)
  2 giant cockroaches (D:1)
  4 hobgoblins
  2 ball pythons (D:1)
  2 frilled lizards
  3 goblins
  3 kobolds (D:1)
  2 rats (D:1)
24 creatures vanquished.

Notes
Turn   | Place    | Note
-------+----------+-------------------------------------------
     0 | D:1      | galech the Demonspawn Fighter began the quest for the Orb.
     0 | D:1      | Reached XP level 1. HP: 18/18 MP: 1/1
   204 | D:1      | Gained mutation: You have large cloven feet. [demonic
                  | ancestry]
   204 | D:1      | Reached XP level 2. HP: 23/24 MP: 2/2
   879 | D:2      | Noticed Sigmund
   889 | D:2      | Reached XP level 3. HP: 25/29 MP: 3/3
   906 | D:2      | HP: 1/29 [something (1)]
   907 | D:2      | Slain by Sigmund

Levels and vault maps discovered:
D:1:      sevenhm_arrival_forest_fort_large_2, layout_basic, minmay_pentomino_o4
D:2:      kennysheep_big_flooded_room, layout_loops_ring, uniq_sigmund,
          uniq_terence

Skill      XL: |  1  2 |
---------------+-------+-----
Axes           | 2 |  2.2
Shields        | 3 |  3.2
Fighting       | |  3.3
Armour         | |  2.8

Action                   || total
-------------------------++-------
Melee: War axe           ||    76
  Use: Potion            ||     1
Armor: Scale mail        ||    17
       Chain mail        ||    20
Dodge: Dodged            ||    20
Block: Shield            ||    52

Table legend:
 A = Non-vault XP
 B = Vault XP
 C = Vault XP percentage of total XP
 D = Non-vault monster count
 E = Vault monster count
 F = Vault count percentage of total count
                 A         B        C        D         E       F
            +---------+---------+-------+---------+---------+-------
      Total |      49 |       5 |   9.3 |      21 |       3 |  12.5
            +---------+---------+-------+---------+---------+-------
        D:1 |      31 |       5 |  13.9 |      17 |       3 |  15.0
        D:2 |      18 |       0 |   0.0 |       4 |       0 |   0.0
            +---------+---------+-------+---------+---------+-------
